 Dungeon Crawl Stone Soup version 0.23.2-1-ga50397a (webtiles) character file.

Game seed: 14219328323042397537

56 myga the Vexing (level 4, -4/33 HPs)
             Began as a Formicid Arcane Marksman on May 11, 2019.
             Slain by a gnoll
             ... wielding a +1 halberd of protection
              (14 damage)
             ... on level 2 of the Dungeon.
             The game lasted 00:05:26 (1243 turns).

myga the Vexing (Formicid Arcane Marksman)          Turns: 1243, Time: 00:05:27

Health: -4/33      AC:  2    Str: 14    XL:     4   Next: 17%
Magic:  2/5        EV: 12    Int: 13    God:
Gold:   36         SH:  0    Dex: 12    Spells: 2/5 levels left

rFire    . . .     SeeInvis +   a - +0 hunting sling
rCold    . . .     Gourm    .   (no shield)
rNeg     . . .     Faith    .   e - +0 robe
rPois    .         Spirit   .   (helmet unavailable)
rElec    .         Reflect  .   (no cloak)
rCorr    .         Harm     .   (no gloves)
MR       .....                  (no boots)
Stlth    +.........             (no amulet)
HPRegen  0.11/turn              (no ring)
MPRegen  0.09/turn              (no ring)

@: very slightly contaminated
A: permanent stasis, dig shafts and tunnels, four strong arms, antennae 3
a: Dig, Shaft Self


You were on level 2 of the Dungeon.
You were not hungry.

You visited 1 branch of the dungeon, and saw 2 of its levels.

You collected 36 gold pieces.

Inventory:

Hand Weapons
 a - a +0 hunting sling (weapon)
Missiles
 c - 74 stones (quivered)
 n - 7 needles of sleeping
Armour
 e - a +0 robe (worn)
Scrolls
 g - 2 scrolls of remove curse {unknown}
 h - a scroll of enchant weapon {unknown}
 j - a scroll of teleportation {unknown}
 l - a scroll of amnesia {unknown}
 o - 3 scrolls of enchant armour {unknown}
Potions
 i - a potion of agility
 k - a potion of degeneration {unknown}
 m - a potion of heal wounds {unknown}
Comestibles
 f - 4 rations


   Skills:
 + Level 1.7 Fighting
 + Level 3.6 Slings
 + Level 2.1 Dodging
 + Level 0.4 Stealth
 + Level 1.2 Spellcasting
 + Level 3.9 Hexes


You had 2 spell levels left.
You knew the following spells:

 Your Spells              Type           Power        Failure   Level  Hunger
a - Corona                Hex            ##.....      5%          1    ##.....
b - Slow                  Hex            ##......     9%          2    ###....

Your spell library contained the following spells:

 Spells                   Type           Power        Failure   Level  Hunger
 Inner Flame              Hex/Fire       #.......     36%         3    ####...
 Portal Projectile        Hex/Tloc       #.....       36%         3    ####...
 Cause Fear               Hex            ##........   47%         4    #####..
 Leda's Liquefaction      Hex/Erth       #.........   77%         4    #####..


Dungeon Overview and Level Annotations

Branches:
Dungeon (2/15)

Altars:
Hepliaklqana


Innate Abilities, Weirdness & Mutations

You cannot be hasted, slowed, berserked, paralysed or teleported.
You can dig through walls and to a lower floor.
Your four strong arms can wield two-handed weapons with a shield.
You have a pair of large antennae on your head. (SInv)


Message History

Aim: a gnoll, wielding a +1 halberd of protection (heavily wounded)
You shoot a sling bullet.
The sling bullet hits the gnoll but does no damage.
The gnoll is heavily wounded.
The gnoll hits you from afar with a +1 halberd of protection.
Firing (i - inventory)
c - 76 stones (quivered)
Press: ? - help, Shift-Dir - straight line, f/p - gnoll
Aim: a gnoll, wielding a +1 halberd of protection (heavily wounded)
You shoot a stone.
The stone hits the gnoll but does no damage.
The gnoll is heavily wounded.
The gnoll barely misses you.
Firing (i - inventory)
c - 75 stones (quivered)
Press: ? - help, Shift-Dir - straight line, f/p - gnoll
Aim: a gnoll, wielding a +1 halberd of protection (heavily wounded)
You shoot a stone.
The stone hits the gnoll but does no damage.
The gnoll is heavily wounded.
The gnoll hits you from afar with a +1 halberd of protection!
You die...

#.#... #.#### {
#..... ### #.....
###############.#
#.####
........((((g..###
#.)... ###..#
#g....# ######
.....# #####.....#
#....# #......@..#
#....# #.#####...+
#....#####.# #...#
#....##....# #...#
#....##.##.#####...#
#.............######
#...####.####.#
###########
#...##.....##.#
#.........#
....#......)#.#
#.#######.#


You could see 2 gnolls.

Vanquished Creatures
  2 gnolls (D:2)
  A dart slug (D:1)
  A leopard gecko (D:1)
  A giant cockroach (D:2)
  5 goblins
  5 hobgoblins
  6 bats
  A frilled lizard (D:2)
  7 kobolds
  7 rats (D:1)
36 creatures vanquished.

Notes
Turn   | Place    | Note
-------+----------+-------------------------------------------
     0 | D:1      | myga the Formicid Arcane Marksman began the quest for the
                  | Orb.
     0 | D:1      | Reached XP level 1. HP: 15/15 MP: 2/2
    78 | D:1      | Reached XP level 2. HP: 21/21 MP: 3/3
   326 | D:1      | Learned a level 2 spell: Slow
   460 | D:1      | Reached XP level 3. HP: 26/26 MP: 4/4
   918 | D:2      | Found a hazy altar of Hepliaklqana.
  1226 | D:2      | Reached XP level 4. HP: 33/33 MP: 3/5
  1243 | D:2      | Slain by a gnoll

Skill      XL: |  1  2  3 |
---------------+----------+-----
Dodging        | 2 |  2.1
Slings         | 3 |  3.6
Fighting       | |  1.7
Stealth        | |  0.4
Spellcasting   | |  1.2
Hexes          | |  3.9

Action                   |  1- 3 |  4- 6 || total
-------------------------+-------+-------++-------
 Fire: Hunting sling     |   107 |    13 ||   120
 Cast: Corona            |    14 |     1 ||    15
  Use: Potion            |     1 |       ||     1
  Eat: Chunk             |     1 |       ||     1
Armor: Robe              |     9 |       ||     9
Dodge: Dodged            |    30 |     7 ||    37
